[Event "Ilmar Raud Memorial 2020"]
[Site "Viljandi"]
[Date "2020.07.09"]
[Round "5.6"]
[White "Olde, Margareth"]
[Black "Sakalauskas, Vaidas"]
[Result "1/2-1/2"]
[ECO "D97"]
[WhiteElo "2201"]
[BlackElo "2335"]
[Annotator "RC"]
[PlyCount "58"]
[EventDate "2020.07.08"]
[EventCountry "EST"]
[SourceTitle "playchess.com"]
[Source "ChessBase"]
[SourceQuality "1"]
[TimeControl "40/5400+30:900+30"]

1. d4 Nf6 2. c4 g6 3. Nc3 d5 4. Nf3 Bg7 5. Qb3 dxc4 6. Qxc4 O-O 7. e4 Be6 8. d5 Bc8 9. Be2 c6 10. O-O cxd5 11. exd5 Nbd7 12. Rd1 Nb6 13. Qh4 Nbxd5 14. Bc4 e6 15. Bg5 Qa5 16. Rd3 Bd7 17. Ne5 Bc6 18. Bxd5 Nxd5 19. Nxd5 exd5 20. Rh3 h5 21. Bf6 Rae8 22. Qg5 Bxf6 23. Qxf6 Qd8 24. Qf4 Qd6 25. Rxh5 gxh5 26. Qg5+ Kh7 27. Qf5+ Kg7 28. Qg5+ Kh7 29. Qf5+ Kg8 1/2-1/2